 Dungeon Crawl Stone Soup version 0.29-a0-802-g34511f41fd (webtiles) character file.

Game seed: 16475788495003671004

47 ZeroWinrate the Magician (level 3, 0/24 HPs)
             Began as a Demonspawn Hedge Wizard on July 3, 2022.
             Slain by a goblin
             ... wielding a +0 club
             ... led by Robin
              (2 damage)
             ... on level 2 of the Dungeon.
             The game lasted 00:07:51 (2027 turns).

ZeroWinrate the Magician (Demonspawn Hedge Wizard)  Turns: 2027, Time: 00:07:51

Health: 0/24       AC:  3    Str: 10    XL:     3   Next: 48%
Magic:  8/8        EV: 16    Int: 17    God:
Gold:   77         SH:  0    Dex: 12    Spells: 2/9 levels left

rFire   + . .      SeeInvis .   a - +0 dagger
rCold   . . .      Faith    .   (no shield)
rNeg    . . .      Spirit   .   i - +1 robe {rF+}
rPois   .          Reflect  .   c - +0 hat
rElec   .          Harm     .   (no cloak)
rCorr   .          Rampage  .   (no gloves)
Will    .....                   (no boots)
Stlth   +.........              (no amulet)
HPRegen 0.08/turn               l - +4 ring of evasion
MPRegen 0.11/turn               (no ring)

@: confused, attractive, hasted, very quick
A: ignite blood 1, powered by death 1
a: no special abilities


You were on level 2 of the Dungeon.
You visited 1 branch of the dungeon, and saw 2 of its levels.

You collected 77 gold pieces.

Inventory:

Hand Weapons
 a - a +0 dagger (weapon)
Missiles
 e - an atropa-tipped dart
Armour
 b - a +0 robe
 c - a +0 hat (worn)
 i - a +1 robe of fire resistance (worn)
 o - a +0 troll leather armour
Jewellery
 l - a +4 ring of evasion (left hand)
Scrolls
 j - a scroll of identify
 m - a scroll of amnesia
 n - a scroll of fog
Potions
 d - a potion of magic


   Skills:
 - Level 1.8 Dodging
 - Level 2.0 Stealth
 + Level 3.8 Spellcasting
 - Level 1.3 Conjurations
 + Level 1.8 Summonings
 - Level 0.8 Translocations


You had 2 spell levels left.
You knew the following spells:

 Your Spells              Type           Power      Damage    Failure   Level
a - Magic Dart            Conj           28%        1d4       10%         1
b - Summon Small Mammal   Summ           36%        N/A       8%          1
c - Call Imp              Summ           9%         N/A       12%         2
d - Mephitic Cloud        Conj/Pois/Air  4%         N/A       38%         3

Your spell library contained the following spells:

 Spells                   Type           Power      Damage    Failure   Level
 Apportation              Tloc           12%        N/A       12%         1
 Necrotise                Necr           12%        1d4       16%         1
 Slow                     Hex            12%        N/A       16%         1
 Blink                    Tloc           12%        N/A       17%         2
 Conjure Flame            Conj/Fire      5%         6-21      36%         3


Dungeon Overview and Level Annotations

Branches:
Dungeon (2/15)

Altars:
Wu Jian

Shops:
D:2 :

Annotations:
D:2 Robin


Innate Abilities, Weirdness & Mutations

Your demonic aura sometimes causes spilled blood to erupt in flames.
You regenerate a little health from kills.


Message History

Confirm with . or Enter, or press ? or * to list all spells.
The spell is extremely dangerous to miscast (38% risk of failure)!
Continue anyway?
Aiming: Mephitic Cloud (extremely dangerous; 38% risk of failure)
Press: ? - help, Shift-Dir - straight line, f - Robin
Aim: Robin, wielding a +0 whip, wearing a +0 animal skin and wearing a +0 helmet (confused, chance to affect: 91%) That beam is likely to hit you.
Continue anyway? [Y]es or [N]o only, please.
That beam is likely to hit you.
Continue anyway?
The ball explodes into a vile cloud!
The stinking cloud engulfs Robin but does no damage.
The stinking cloud engulfs you but does no damage.
The stinking cloud engulfs the goblin but does no damage.
The stinking cloud engulfs the hobgoblin but does no damage.
You are engulfed in noxious fumes.
You choke on the stench!
You are confused.
The goblin hits you with a +0 club.
* * * LOW HITPOINT WARNING * * *
Robin is engulfed in noxious fumes.
Robin appears confused.
Robin gestures wildly.
Robin closely misses the hobgoblin.
Robin hits themself with a +0 whip.
The hobgoblin hits Robin.
Unknown command.
Unknown command.
Unknown command.
Unknown command.
You bump into the rock wall.
You are engulfed in noxious fumes.
You choke on the stench!
You are more confused.
Unknown command.
Unknown command.
Unknown command.
You're too confused to cast spells.
Sorry, you're not good enough to have a special ability.
Unknown command.
Unknown command.
Magic courses through your body.
You are engulfed in noxious fumes.
You choke on the stench!
You are more confused.
The goblin hits you with a +0 club.
You die...

# #.# #.# #.#
.# # #.# #.#
#.. # #.# #.#
### ###.###
#.# ......#
#.. ###.#.#
#.#.# #
#########.
#.#.#
#.##ggg§)...(
#.#.#
#!>○@########
##.#†##
####°#########
##.....#
#§.........
....##.#
#☼##.######
....##.#
##.##.#
._...#.#
#####.§.#.#
.......#
#.....#...#
....##.#
#.###...###
..(###.# #.#
##.##


You could see Robin (confused), a hobgoblin (strong, confused) and a goblin.

Vanquished Creatures
  2 dart slugs (D:1)
  3 bats
  3 endoplasms
  3 giant cockroaches (D:1)
  10 goblins
  A hobgoblin (D:1)
  3 kobolds
  A quokka (D:1)
  6 ball pythons
  2 frilled lizards (D:1)
  3 rats
37 creatures vanquished.

Notes
Turn   | Place    | Note
-------+----------+-------------------------------------------
     0 | D:1      | ZeroWinrate the Demonspawn Hedge Wizard began the quest for
                  | the Orb.
     0 | D:1      | Reached XP level 1. HP: 13/13 MP: 4/4
   151 | D:1      | Found a faded altar of an unknown god.
   327 | D:1      | Gained mutation: You regenerate a little health from kills.
                  | [demonic ancestry]
   327 | D:1      | Reached XP level 2. HP: 14/19 MP: 0/6
   953 | D:1      | Gained mutation: Your demonic aura sometimes causes spilled
                  | blood to erupt in flames. [demonic ancestry]
   953 | D:1      | Reached XP level 3. HP: 24/24 MP: 2/8
  1660 | D:1      | Learned a level 1 spell: Summon Small Mammal
  1663 | D:1      | Learned a level 2 spell: Call Imp
  1667 | D:1      | Learned a level 3 spell: Mephitic Cloud
  1888 | D:2      | Found an ornate altar of the Wu Jian Council.
  1962 | D:2      | Found Laucyve's Book Emporium.
  1994 | D:2      | Noticed Robin
  2027 | D:2      | Slain by a goblin

Illustrated notes

Levels and vault maps discovered:
D:1:      minmay_arrival_open_corners, layout_loops_ring,
          dreamdust_ecumenical_altar_angels_and_demons, reono_crystal_passage,
          minivault_23
D:2:      layout_loops_ring, serial_shops,
          nicolae_shop_competitors_out_of_business, basic_altar,
          minmay_misc_feat_encased, uniq_robin

Skill      XL: |  1  2 |
---------------+-------+-----
Stealth        | 2 |  2.0
Dodging        | |  1.8
Spellcasting   | |  3.8
Conjurations   | |  1.3
Summonings     | |  1.8
Translocations | |  0.8

Action                   || total
-------------------------++-------
Melee: Dagger            ||    34
Throw: Dart              ||    11
 Cast: Magic Dart        ||    83
       Mephitic Cloud    ||     2
  Use: Scroll            ||     4
       Potion            ||     3
 Stab: Invisible         ||     1
Armor: Robe              ||    14
Dodge: Dodged            ||    48

Table legend: (Time is in decaauts)
 A = Elapsed time spent in this place.
 B = Non-inter-level travel time spent in this place.
 C = Inter-level travel time spent in this place.
 D = Time resting spent in this place.
 E = Time spent auto-exploring this place.
 F = Levels seen in this place.
 G = Mean time per level.
                   A        B        C        D        E       F      G
               +--------+--------+--------+--------+--------+-----+--------+
         Total |   2024 |   1959 |     65 |    369 |   1146 |   2 | 1012.0 |
       Dungeon |   2024 |   1959 |     65 |    369 |   1146 |   2 | 1012.0 |
               +--------+--------+--------+--------+--------+-----+--------+

Top non-repeatable levels by time:
     D:1: 1545 daAuts
     D:2: 479 daAuts
